 Dungeon Sprint DCSS version 0.27.1-3-gb3d3a73c9e (webtiles) character file.

Game seed: 2697576541745447785

4896 raph the Brawler (level 10, -12/153 (166) HPs)
             Began as a Troll Berserker on Oct 9, 2021.
             Was an Elder of Trog.
             Mangled by a golden dragon (15 damage)
             ... in the Dungeon (Sprint I: "Red Sonja").
             The game lasted 00:03:26 (1351 turns).

raph the Brawler (Troll Berserker)                  Turns: 1351, Time: 00:03:26

HP:   -12/153 (166) AC:  7    Str: 28    XL:     10   Next: 26%
MP:   9/9           EV: 13    Int:  3    God:    Trog [****..]
Gold: 423           SH:  0    Dex: 11    Spells: 9/9 levels left

rFire    . . .     SeeInvis .     - Unarmed
rCold    . . .     Faith    .   (no shield)
rNeg     . . .     Spirit   .   a - +0 animal skin
rPois    .         Reflect  .   (helmet restricted)
rElec    .         Harm     .   j - +2 cloak
rCorr    .         Rampage  .   (gloves unavailable)
Will     ++...     NoTele   +   (boots unavailable)
Stlth    ..........             (no amulet)
HPRegen  2.35/turn              (no ring)
MPRegen  0.11/turn              (no ring)

@: berserking, lethally poisoned (-12 -> -49), strong-willed, regenerating,
drained, very quick
A: large, unfitting armour, claws 3, regeneration 1, shaggy fur 1, tough skin 1
a: Renounce Religion, Berserk, Trog's Hand, Brothers in Arms


You were in the Dungeon.
You worshipped Trog.
Trog was greatly pleased with you.
You visited 1 branch You collected 604 gold pieces.
You spent 181 gold pieces at shops.

Inventory:

Hand Weapons
 k - a +2 vorpal giant club
Armour
 a - a +0 animal skin (worn)
 j - a +2 cloak (worn)
Wands
 h - a wand of flame (20)
Scrolls
 g - a scroll of blinking
Potions
 b - a potion of curing
 c - a potion of heal wounds
 d - a potion of haste
 e - 2 potions of magic
 f - a potion of berserk rage
 l - 2 potions of resistance


   Skills:
 + Level 10.7 Fighting
 + Level 10.7 Dodging
 * Level 16.6 Unarmed Combat


You had 9 spell levels left.
You didn't know any spells.
Your spell library was empty.

Dungeon Overview and Level Annotations

Branches:
Dungeon (1/1)

Altars:
Cheibriados
Dithmenos
Elyvilon
Fedhas
Gozag
Hepliaklqana
Kikubaaqudgha
Makhleb
Nemelex Xobeh
Okawaru
Qazlal
Ru
Sif Muna
Trog
Uskayaw
Vehumet
Wu Jian
Xom
Yredelemnul
Zin
The Shining One
Jiyva
Lugonu

Shops:
D [


Innate Abilities, Weirdness & Mutations

You are too large for most types of armour.
You have claws for hands.
Your natural rate of healing is unusually fast.
You are covered in fur. (AC +1)
You have tough skin. (AC +1)


Message History

You are too injured to fight recklessly!
You are too injured to fight recklessly!
You are too injured to fight recklessly!
You are too injured to fight recklessly!
You are too injured to fight recklessly!
You are too injured to fight recklessly!
You are too injured to fight recklessly!
You eviscerate the golden dragon!!!
The golden dragon is almost dead.
You are engulfed in poison gas.
You are more poisoned.
You feel very sick.
Your troll closely misses the shadow dragon.
Your troll claws the shadow dragon! x2; The golden dragon bites you!!
* * * LOW HITPOINT WARNING * * *
The golden dragon claws you but does no damage.
The golden dragon tramples you.
* * * LOW HITPOINT WARNING * * *
You hold your ground!
The shadow dragon bites you!
* * * LOW HITPOINT WARNING * * *
You feel drained. The shadow dragon claws you.
* * * LOW HITPOINT WARNING * * *
The shadow dragon completely misses you.
Found 27 gold pieces.
You barely miss the golden dragon. Your claw misses the golden dragon.
The golden dragon is almost dead.
You are engulfed in poison gas.
You are more poisoned.
* * * LOW HITPOINT WARNING * * *
You feel extremely sick.
Your troll bites the shadow dragon!
Your troll claws the shadow dragon but does no damage.
Your troll closely misses the shadow dragon.
You barely miss the golden dragon.
The golden dragon is almost dead.
You are engulfed in poison gas.
You are more poisoned.
* * * LOW HITPOINT WARNING * * *
x2 You feel very sick.
The golden dragon bites you!
You die...

'§§.§§§§..#^^§§$$$#
#.§§.§##..'^^#§§$§##
##.§.#######+#§§§§$#
###+# #$§§§§# #.#
##$§§§# #..###$#
###+## ##.#A#$# #☼#
.###$# ##○#§§..#
##..$# #@DT§.§§ +###
#○○D§§§§§ #○☼☼§§§§
○○☼.§§§§ #...§.§...
##...§§^§^.
#$$$$§§§$$ ##$$$$$$$


You could see a shadow dragon (ally target), a golden dragon (catching breath)
and a friendly troll (summoned, berserk).

Vanquished Creatures
  A lindwurm (D)
  2 kobold demonologists (D)
  4 demonic crawlers (D)
  A slime creature (D)
  A yak (D)
  Sigmund (D)
  13 hogs (D)
  A floating eye (D)
  An ogre (D)
  A jelly (D)
  Ijyb (D)
27 creatures vanquished.

Vanquished Creatures (collateral kills)
  A hydra (D)
  A floating eye (D)
2 creatures vanquished.

Vanquished Creatures (others)
  A gargoyle (D)
1 creature vanquished.

Grand Total: 30 creatures vanquished

Notes
Turn   | Place    | Note
-------+----------+-------------------------------------------
     0 | D        | raph the Troll Berserker began the quest for the Orb.
     0 | D        | Reached XP level 1. HP: 22/22 MP: 0/0
     3 | D        | Noticed Ijyb
    10 | D        | Killed Ijyb
    11 | D        | Reached skill level 5 in Unarmed Combat
    11 | D        | Reached XP level 2. HP: 31/31 MP: 1/1
    60 | D        | Noticed an ogre
    64 | D        | Killed an ogre
    65 | D        | Reached skill level 7 in Unarmed Combat
    65 | D        | Reached XP level 3. HP: 40/40 MP: 2/2
    65 | D        | Reached XP level 4. HP: 49/49 MP: 3/3
   215 | D        | Noticed Sigmund
   219 | D        | Killed Sigmund
   219 | D        | Reached ** piety under Trog
   220 | D        | Reached skill level 5 in Fighting
   220 | D        | Reached skill level 5 in Dodging
   220 | D        | Reached skill level 9 in Unarmed Combat
   220 | D        | Reached XP level 5. HP: 59/59 MP: 4/4
   282 | D        | Found a shimmering blue altar of Sif Muna.
   283 | D        | Found an ornate altar of the Wu Jian Council.
   284 | D        | Found a radiant altar of Vehumet.
   284 | D        | Identified the +11 hand axe "Bamn" {antimagic, rElec rC+
                  | Int+6 Dex-4}
   290 | D        | Reached XP level 6. HP: 67/67 MP: 5/5
   365 | D        | Found Osixuen's Armour Emporium.
   365 | D        | Found an ancient bone altar of Kikubaaqudgha.
   365 | D        | Found a hazy altar of Hepliaklqana.
   365 | D        | Found a stormy altar of Qazlal.
   365 | D        | Found a hide-covered altar of Uskayaw.
   365 | D        | Found a blossoming altar of Fedhas.
   365 | D        | Found a bloodstained altar of Trog.
   365 | D        | Found an iron altar of Okawaru.
   365 | D        | Found a basalt altar of Yredelemnul.
   365 | D        | Found a glowing golden altar of the Shining One.
   365 | D        | Found a snail-covered altar of Cheibriados.
   365 | D        | Found a sacrificial altar of Ru.
   365 | D        | Found a glowing silver altar of Zin.
   365 | D        | Found a shadowy altar of Dithmenos.
   365 | D        | Found a white marble altar of Elyvilon.
   365 | D        | Noticed a yak
   371 | D        | Killed a yak
   372 | D        | Reached skill level 10 in Unarmed Combat
   372 | D        | Found an opulent altar of Gozag.
   373 | D        | Found a sparkling altar of Nemelex Xobeh.
   377 | D        | Bought a +2 cloak for 181 gold pieces
   536 | D        | Found a viscous altar of Jiyva.
   536 | D        | Found a corrupted altar of Lugonu.
   536 | D        | Noticed a slime creature
   537 | D        | Found a burning altar of Makhleb.
   537 | D        | Found a shimmering altar of Xom.
   541 | D        | Killed a slime creature
   542 | D        | Reached skill level 11 in Unarmed Combat
   542 | D        | Reached XP level 7. HP: 78/78 MP: 6/6
   605 | D        | Noticed a kobold demonologist
   606 | D        | Noticed a kobold demonologist
   607 | D        | Paralysed by a floating eye for 3 turns
   610 | D        | Noticed a ynoxinul
   612 | D        | Noticed a ynoxinul
   615 | D        | Reached *** piety under Trog
   620 | D        | Killed a kobold demonologist
   621 | D        | Reached skill level 12 in Unarmed Combat
   628 | D        | Killed a kobold demonologist
   628 | D        | Reached **** piety under Trog
   629 | D        | Reached XP level 8. HP: 88/88 MP: 7/7
   771 | D        | Noticed a demonic crawler
   771 | D        | Noticed a demonic crawler
   771 | D        | Noticed a demonic crawler
   771 | D        | Noticed a demonic crawler
   774 | D        | Killed a gargoyle
   792 | D        | Killed a demonic crawler
   793 | D        | Reached skill level 13 in Unarmed Combat
   795 | D        | Killed a demonic crawler
   800 | D        | Killed a demonic crawler
   801 | D        | Reached skill level 14 in Unarmed Combat
   801 | D        | Reached XP level 9. HP: 62/98 MP: 8/8
   804 | D        | Killed a demonic crawler
   804 | D        | Reached ***** piety under Trog
   960 | D        | Noticed a lindwurm
   968 | D        | Killed a lindwurm
  1017 | D        | Reached skill level 15 in Unarmed Combat
  1022 | D        | Received a gift from Trog
  1033 | D        | Reached skill level 10 in Fighting
  1033 | D        | Reached skill level 10 in Dodging
  1040 | D        | Reached XP level 10. HP: 109/110 MP: 9/9
  1043 | D        | Reached skill level 16 in Unarmed Combat
  1043 | D        | Received a gift from Trog
  1069 | D        | Noticed a daeva
  1075 | D        | Noticed a 12-headed hydra
  1080 | D        | Killed a 13-headed hydra
  1341 | D        | Noticed a golden dragon
  1343 | D        | Noticed a shadow dragon
  1351 | D        | HP: 3/153 [poisoned by a golden dragon (poison gas)]
  1351 | D        | Mangled by a golden dragon

Illustrated notes

Levels and vault maps discovered:
D:        dungeon_sprint_1 [red_sonja_temple_1, red_sonja_temple_small_1]

Skill      XL: |  1  2  3  4  5  6  7  8  9 10 |
---------------+-------------------------------+-----
Fighting       | 3 4 5 7 8 9 10 | 10.7
Dodging        | 3 4 5 7 8 9 10 | 10.7
Unarmed Combat | 5 7 9 11 12 14 15 16 | 16.6

Action                   |  1- 3 |  4- 6 |  7- 9 | 10-12 || total
-------------------------+-------+-------+-------+-------++-------
Melee: Unarmed           |     8 |    12 |    64 |    13 ||    97
       Punch             |       |     2 |     6 |     3 ||    11
Invok: Berserk           |     2 |     4 |     3 |     1 ||    10
       Trog's Hand       |       |       |     3 |     1 ||     4
       Brothers in Arms  |       |       |       |     2 ||     2
  Use: Scroll            |       |       |     1 |     1 ||     2
Armor: Animal skin       |     1 |     1 |    21 |     9 ||    32
Dodge: Dodged            |     2 |     3 |    37 |     7 ||    49
